 Dungeon Crawl Stone Soup version 0.30-a0-393-g54b8e3be05 (webtiles) character file.

Game seed: 3785222005217605294

185 bande the Covered (level 5, -3/33 HPs)
             Began as a Gargoyle Fighter on Dec 6, 2022.
             Killed from afar by Natasha (14 damage)
             ... with a bolt of dispelling energy
             ... on level 3 of the Dungeon.
             The game lasted 00:03:27 (2633 turns).

bande the Covered (Gargoyle Fighter)                Turns: 2633, Time: 00:03:27

Health: -3/33      AC: 15    Str: 19    XL:     5   Next: 64%
Magic:  5/5        EV:  7    Int:  9    God:
Gold:   103        SH:  4    Dex: 11    Spells: 4/4 levels left

rFire   . . .      SeeInvis +    a - +0 war axe
rCold   . . .      Faith    .    c - +0 buckler
rNeg    + . .      Spirit   .    h - +0 chain mail
rPois   ∞          Reflect  .    (no helmet)
rElec   +          Harm     .    (no cloak)
rCorr   .          Rampage  .    e - +1 pair of gloves
Will    .....                    (no boots)
Stlth   ..........               (no amulet)
HPRegen 0.25/turn                g - ring of see invisible
MPRegen 0.09/turn                (no ring)

@: no status effects
A: sickness immunity, AC +4, negative energy resistance 1, electricity
resistance, torment resistance 1, petrification resistance
a: no special abilities


You were on level 3 of the Dungeon.
You visited 1 branch of the dungeon, and saw 4 of its levels.

You collected 103 gold pieces.

Inventory:

Hand Weapons
 a - a +0 war axe (weapon)
 i - a +0 flail
 k - a +0 war axe
Armour
 c - a +0 buckler (worn)
 e - a +1 pair of gloves (worn)
 h - a +0 chain mail (worn)
Jewellery
 g - a ring of see invisible (left hand)
Scrolls
 l - a scroll of magic mapping {unknown}
 m - a scroll of identify
Potions
 b - 2 potions of attraction {unknown}
 d - 3 potions of might
 f - a potion of brilliance {unknown}
 j - a potion of haste


   Skills:
 + Level 4.1 Fighting
 + Level 3.7 Axes
 + Level 4.2 Armour
 + Level 3.9 Shields


You had 4 spell levels left.
You didn't know any spells.
Your spell library contained the following spells:

 Spells                   Type           Power      Damage    Failure   Level
 Ignite Poison            Fire/Tmut/Pois 0%         N/A       100%        3
 Kindle Blastsparks       Fire/Tloc/Air  0%         2d10      100%        3
 Portal Projectile        Hex/Tloc       0%         N/A       100%        3
 Tukima's Dance           Hex            0%         N/A       100%        3
 Blade Hands              Tmut           0%         N/A       100%        5
 Freezing Cloud           Conj/Ice/Air   0%         6-21      100%        5


Dungeon Overview and Level Annotations

Branches:
Dungeon (4/15)
 Temple: D:4-7

Altars:

Shops:
D:2 ?

Annotations:
D:3 Natasha


Innate Abilities, Weirdness & Mutations

You are immune to sickness and miasma.
Your stone body is resilient. (AC +4)
You are immune to poison.
You resist negative energy. (rN+)
You are resistant to electric shocks. (rElec)
You are resistant to unholy torment.
You are immune to petrification.


Message History

You kill the hobgoblin!
No target in view!
No target in view!
No target in view!
No target in view!
No target in view!
m - a scroll of identify
Found a stone staircase leading up.
No target in view!
Natasha, Servant of Life and Death comes into view.
She is carrying a wand of quicksilver (7).
Natasha hisses angrily.
Natasha is nearby!
You barely miss Natasha. Natasha barely misses you.
You slash Natasha!
Natasha is severely wounded.
Natasha claws you.
Natasha zaps a wand.
The bolt of dispelling energy hits you.
You barely miss Natasha.
Natasha is severely wounded.
Natasha zaps a wand.
The bolt of dispelling energy hits you!
You closely miss Natasha.
Natasha is severely wounded.
Natasha claws you but does no damage. Natasha claws you.
You are too injured to fight recklessly!
You are too injured to fight recklessly!
You are too injured to fight recklessly!
You are too injured to fight recklessly!
You are too injured to fight recklessly!
You are too injured to fight recklessly!
You are too injured to fight recklessly!
You are too injured to fight recklessly!
Unknown command.
You miss Natasha.
Natasha is severely wounded.
Natasha mumbles some strange words.
You feel disoriented. Natasha claws you.
You closely miss Natasha.
Natasha is severely wounded.
Natasha zaps a wand.
The bolt of dispelling energy hits you!
You die...

#.......####.....
##.##.#.#(..#.#........
.....####.######.##...
###.... #.#.# #.#####
.......####.####
#.....#
.......#..†#...#
#####.#
...<...#..#.#..# #..
......h####.##### ###
.......@........#
######..........#
#..........#
############


You could see Natasha.

Vanquished Creatures
  An orc priest (D:3)
  2 orc wizards
  2 adders (D:2)
  3 worms
  3 dart slugs
  11 orcs
  3 endoplasms
  10 hobgoblins
  6 kobolds
  A quokka (D:3)
  5 ball pythons
  6 bats
  4 frilled lizards
  2 goblins (D:3)
  3 rats
62 creatures vanquished.

Vanquished Creatures (others)
  11 plants (D:1)
11 creatures vanquished.

Grand Total: 73 creatures vanquished

Notes
Turn   | Place    | Note
-------+----------+-------------------------------------------
     0 | D:1      | bande the Gargoyle Fighter began the quest for the Orb.
     0 | D:1      | Reached XP level 1. HP: 14/14 MP: 1/1
   196 | D:1      | Reached XP level 2. HP: 16/19 MP: 2/2
  1084 | D:2      | Found Sasmurph's Magic Scroll Emporium.
  1129 | D:2      | Reached XP level 3. HP: 18/24 MP: 3/3
  1401 | D:2      | Reached XP level 4. HP: 29/29 MP: 4/4
  2150 | D:3      | Reached XP level 5. HP: 32/33 MP: 5/5
  2627 | D:3      | Noticed Natasha
  2633 | D:3      | Killed from afar by Natasha

Illustrated notes

Levels and vault maps discovered:
D:1:      roderic_crop_circles_arrival_small, layout_loops_corners,
          minmay_pentomino_z4
D:2:      minmay_angry_zag, layout_rooms, serial_shops, shop
D:3:      layout_rooms, wad_rectangle_vault, uniq_natasha
D:4:      layout_rooms, serial_corexii_hall, chequers_hall_statues_y,
          corexii_hall_statues_i, chequers_hall_statues_wall_a,
          corexii_hall_statues_i, kennysheep_cross_room

Skill      XL: |  1  2  3  4 |
---------------+-------------+-----
Axes           | 2 3 |  3.7
Armour         | 4 |  4.2
Fighting       | 4 |  4.1
Shields        | |  3.9

Action                   |  1- 3 |  4- 6 || total
-------------------------+-------+-------++-------
Melee: War axe           |   103 |    99 ||   202
  Use: Scroll            |     3 |     1 ||     4
Armor: Scale mail        |    22 |       ||    22
       Chain mail        |    60 |    84 ||   144
Dodge: Dodged            |    50 |    34 ||    84
Block: Buckler           |    27 |    24 ||    51

Table legend: (Time is in decaauts)
 A = Elapsed time spent in this place.
 B = Non-inter-level travel time spent in this place.
 C = Inter-level travel time spent in this place.
 D = Time resting spent in this place.
 E = Time spent auto-exploring this place.
 F = Levels seen in this place.
 G = Mean time per level.
                   A        B        C        D        E       F      G
               +--------+--------+--------+--------+--------+-----+--------+
         Total |   2718 |   2596 |    122 |    570 |   1474 |   4 |  679.5 |
       Dungeon |   2718 |   2596 |    122 |    570 |   1474 |   4 |  679.5 |
               +--------+--------+--------+--------+--------+-----+--------+

Top non-repeatable levels by time:
     D:1: 1085 daAuts
     D:4: 633 daAuts
     D:2: 611 daAuts
     D:3: 388 daAuts
